 Dungeon Crawl Stone Soup version 0.32-a0-481-g9ce6b883f8 (webtiles) character file.

Game seed: 5313810092629378649

207513 vnsknbfn the Tortoise (level 18, -1/172 HPs)
             Began as a Minotaur Fighter on Feb 25, 2024.
             Was the Champion of Okawaru.
             Splashed by a goliath frog's acid (4 damage)
             ... on level 1 of the Swamp on Feb 26, 2024.
             The game lasted 00:58:59 (31301 turns).

vnsknbfn the Tortoise (Minotaur Fighter)           Turns: 31301, Time: 00:58:59

Health: -1/172     AC: 26    Str: 28    XL:     18   Next: 10%
Magic:  0/26       EV: 17    Int: 10    God:    Okawaru [******]
Gold:   517        SH: 20    Dex: 18    Spells: 17/17 levels left

rFire   + + +        C - +7 broad axe "Hydrabane" {flame, rC++}
rCold   + + +        a - +5 kite shield "Afotypunt" {rF+ MP+9 Stlth-}
rNeg    . . .        j - +2 plate armour {rC+}
rPois   +            B - +2 hat
rElec   .            y - +2 cloak
rCorr   .            N - +1 pair of gloves {Dex+3}
SInv    .            Q - +2 pair of boots {rampage}
Will    +....        t - amulet of guardian spirit Stlth
                     S - ring "Foiguppy" {Wiz rPois rF+++ Int+2 Stlth-}
HPRegen 0.48/turn    O - ring "Hinawed" {Int+3 Dex+4 Slay+4}
MPRegen 0.20/turn

%: guardian spirit, rampage, wizardry (x1)
@: mighty, marked, corroded, very slow
A: horns 2, retaliatory headbutt, iridescent scales 1, poison resistance
}: 1/15 runes: serpentine
a: Renounce Religion, Heroism, Finesse, Duel


You were on level 1 of the Swamp.
You worshipped Okawaru.
Okawaru was exalted by your worship.
You visited 6 branches of the dungeon, and saw 28 of its levels.
You also visited: Gauntlet and Ice Cave.

You collected 3444 gold pieces.
You spent 2927 gold pieces at shops.

Inventory:

Hand Weapons
 f - a +8 heavy broad axe
 C - the +7 broad axe "Hydrabane" (weapon) {flame, rC++}
   (You acquired it on level 10 of the Dungeon)

   rC++:      It greatly protects you from cold.
 E - a +1 heavy executioner's axe
Missiles
 D - 7 throwing nets (quivered)
Armour
 a - the +5 kite shield "Afotypunt" (worn) {rF+ MP+9 Stlth-}
   (Okawaru gifted it to you on level 11 of the Dungeon)

   rF+:       It protects you from fire.
   MP+9:      It affects your magic capacity (+9).
   Stlth-:    It makes you less stealthy.
 c - the +0 scale mail of Mumblety Peg {rF+ Int+6}
   (You found it on level 4 of the Lair of Beasts)

   Int+6:     It affects your intelligence (+6).
   rF+:       It protects you from fire.
 j - a +2 plate armour of cold resistance (worn)
 y - a +2 cloak (worn)
 B - a +2 hat (worn)
 N - a +1 pair of gloves of dexterity (worn)
 Q - a +2 pair of boots of rampaging (worn)
Jewellery
 b - a ring of fire
 h - the amulet of the Eagle {Acrobat *Corrode rF+++ Int+3}
   (You acquired it on level 2 of the Snake Pit)

   [amulet of the acrobat]

   Acrobat:   It increases your evasion while moving and waiting.
   Int+3:     It affects your intelligence (+3).
   rF+++:     It renders you almost immune to fire.
   *Corrode:  It may corrode you when you take damage.
 s - a ring of protection from fire
 t - an amulet of guardian spirit (around neck)
 u - a ring of resist corrosion
 z - a +4 ring of slaying
 H - a ring of positive energy
 K - the ring of the Magpie {rElec rC+ AC+4 Str+3}
   (You bought it in a shop on level 4 of the Dungeon)

   [ring of protection]

   AC+4:      It affects your AC (+4).
   Str+3:     It affects your strength (+3).
   rC+:       It protects you from cold.
   rElec:     It insulates you from electricity.
 O - the ring "Hinawed" (right hand) {Int+3 Dex+4 Slay+4}
   (You found it in a Gauntlet)

   [ring of slaying]

   Int+3:     It affects your intelligence (+3).
   Dex+4:     It affects your dexterity (+4).
   Slay+4:    It affects your accuracy & damage with ranged weapons and melee
   (+4).
 S - the ring "Foiguppy" (left hand) {Wiz rPois rF+++ Int+2 Stlth-}
   (You bought it in a shop on level 7 of the Dungeon)

   [ring of wizardry]

   Wiz:       It improves your spell success rate.
   Int+2:     It affects your intelligence (+2).
   rF+++:     It renders you almost immune to fire.
   rPois:     It protects you from poison Stlth-: It makes you less stealthy.
Wands
 r - a wand of flame (112)
 x - a wand of acid (12)
 F - a wand of iceblast (20)
 J - a wand of polymorph (15)
Scrolls
 k - a scroll of immolation
 p - 16 scrolls of teleportation
 q - 2 scrolls of fear
 v - 4 scrolls of blinking
 w - 9 scrolls of identify
 G - a scroll of fog
 L - 6 scrolls of revelation
Potions
 d - 6 potions of might
 e - a potion of enlightenment
 g - 2 potions of attraction
 i - 5 potions of cancellation
 l - 3 potions of lignification
 m - 8 potions of haste
 n - 2 potions of magic
 o - 7 potions of curing
 I - a potion of ambrosia
 M - 3 potions of resistance
 P - 3 potions of heal wounds
Miscellaneous
 R - a lightning rod (4/4)


   Skills:
 + Level 18.3 Fighting
 + Level 18.0 Axes
 + Level 18.3 Armour
 + Level 16.4 Dodging
 + Level 18.2 Shields


You had 17 spell levels left.
You didn't know any spells.
Your spell library contained the following spells:

 Spells                   Type           Power      Damage    Failure   Level
 Apportation              Tloc           0%         N/A       65%         1
 Magic Dart               Conj           0%         1d3       65%         1
 Slow                     Hex            0%         N/A       65%         1
 Blink                    Tloc           0%         N/A       78%         2
 Ensorcelled Hibernation  Hex/Ice        0%         N/A       78%         2
 Jinxbite                 Hex            0%         N/A       78%         2
 Lesser Beckoning         Tloc           0%         N/A       78%         2
 Sublimation of Blood     Necr           0%         N/A       78%         2
 Confusing Touch          Hex            0%         N/A       94%         3
 Fugue of the Fallen      Necr           0%         N/A       94%         3
 Gell's Gravitas          Tloc           0%         N/A       94%         3
 Hailstorm                Conj/Ice       0%         3d5       94%         3
 Mephitic Cloud           Conj/Alch/Air  0%         N/A       94%         3
 Sigil of Binding         Hex            0%         N/A       94%         3
 Teleport Other           Tloc           0%         N/A       94%         3
 Vampiric Draining        Necr           0%         2d6       94%         3
 Anguish                  Hex/Necr       0%         N/A       100%        4
 Cause Fear               Hex            0%         N/A       100%        4
 Passage of Golubria      Tloc           0%         N/A       100%        4
 Alistair's Intoxication  Alch           0%         N/A       100%        5
 Borgnjor's Vile Clutch   Necr/Erth      0%         N/A       100%        5
 Fireball                 Conj/Fire      0%         3d3       100%        5
 Iskenderun's Battlesphe  Conj           0%         2d6       100%        5
 Yara's Violent Unravell  Hex/Alch       0%         3d3       100%        5
 Bombard                  Conj/Erth      0%         9d1       100%        6
 Eringya's Noxious Bog    Alch           0%         4d6       100%        6
 Call Imp                 Summ           Unusable   N/A       N/A         2
 Summon Ice Beast         Ice/Summ       Unusable   N/A       N/A         3
 Tukima's Dance           Hex            Unusable   N/A       N/A         3
 Sculpt Simulacrum        Ice/Alch       Unusable   N/A       N/A         6
 Spellforged Servitor     Conj/Summ      Unusable   N/A       N/A         7
 Infestation              Necr           Unusable   N/A       N/A         8
 Dragon's Call            Summ           Unusable   N/A       N/A         9

Dungeon Overview and Level Annotations

Branches:
Dungeon (15/15)            Temple (1/1) D:4            Lair (5/5) D:10
  Swamp (1/4) Lair:2        Snake (4/4) Lair:3        Slime (0/5) Lair:5
    Orc (2/2) D:10            Elf (0/3) Orc:2        Vaults (0/5) D:13
 Depths (0/4) D:15          IceCv (visited)         Gauntlet (visited)

Altars:
Ashenzari
Cheibriados
Dithmenos
Elyvilon
Fedhas
Gozag
Hepliaklqana
Kikubaaqudgha
Makhleb
Nemelex Xobeh
Okawaru
Qazlal
Ru
Sif Muna
Trog
Uskayaw
Vehumet
Wu Jian
Xom
Yredelemnul
Zin
The Shining One
Beogh

Shops:
D:4 *:=:?   D:7 =   D:9 *   D:14 (   Orc:1 [[   Orc:2 :!(   Snake:1 :*

Annotations:
Lair:2 2 transporters, Gargoyl's ghost, journeyman GrBe


Innate Abilities, Weirdness & Mutations

You have a pair of horns on your head.
You reflexively headbutt those who attack you in melee.
You are partially covered in iridescent scales. (AC +2)
Your system is resistant to poisons. (rPois)


Message History

Splash!
The will-o-the-wisp gestures.
The will-o-the-wisp conjures some marshlight! 2 foxfires come into view.
You are too injured to fight recklessly!
Unknown command.
You are too injured to fight recklessly!
Unknown command.
You are too injured to fight recklessly!
Unknown command.
Unknown command.
You are too injured to fight recklessly!
Unknown command.
You are too injured to fight recklessly!
Unknown command.
Unknown command.
Unknown command.
Unknown command.
Your unstable footing causes you to fumble your attack.
The foxfire hits you. You resist. The goliath frog hits you!
You are splashed with acid!
* * * LOW HITPOINT WARNING * * *
A bog body comes into view.
You block the goliath frog's attack.
The alligator tail-slaps you but does no damage.
You block the alligator's attack.
Your unstable footing causes you to fumble your attack.
The goliath frog hits you!
* * * LOW HITPOINT WARNING * * *
You are splashed with acid!
* * * LOW HITPOINT WARNING * * *
You block the alligator's attack. x2; You block the spriggan rider's attack.
The spriggan rider hits you from afar with a +0 spear!
* * * LOW HITPOINT WARNING * * *
The alligator tail-slaps you but does no damage.
The alligator bites you but does no damage.
The goliath frog hits you!
* * * LOW HITPOINT WARNING * * *
You are splashed with acid.
You die...

...~..~~.♣♣~..
♣...~~...~~.. ♣.~~~
~.....~ ♣~§~♣♣~.$i..~
♣♣♣♣~......~~~~.
♣~>...††§~i~~~..
♣~~~§~iivw..n[§~
♣.~~§~†lF..♣♣..~
♣♣...~~@Fv.♣ ..
♣♣♣♣♣~.~l§.♣♣ .
♣...~~.~.~~~♣.(.
♣♣..~.~........~. ~~
♣.~.....≈≈≈≈......#
...♣..~...≈≈≈≈≈≈≈$♣..#
~~....~~.≈≈≈≈≈≈≈≈≈...#
~~~.....≈≈≈≈≈≈≈≈≈≈...
~~~..~♣.≈≈≈≈≈≈≈≈≈≈...


You could see 2 alligators, 4 spriggan riders, 2 goliath frogs, a
will-o-the-wisp, a bog body and a swamp worm.

Vanquished Creatures
  Jorgrun (D:15)
  Frances (D:14)
  Roxanne (Snake:1)
  Aizul (Snake:4)
  5 nagarajas
  A frost giant (IceCv)
  A stone giant (D:15)
  Nessos (Orc:2)
  A minotaur (Gauntlet)
  A fire dragon (Lair:5)
  A yaktaur captain (D:13)
  Harold (D:10)
  2 ogre magi
  4 centaur warriors
  10 hydras
  3 salamander tyrants
  6 anacondas
  A death knight (D:15)
  A catoblepas (Lair:4)
  7 two-headed ogres
  An alligator (Swamp:1)
  3 boulder beetles
  A hell hog (Lair:5)
  13 death yaks
  21 naga warriors
  3 demonic crawlers (D:12)
  An orc high priest (Orc:2)
  3 tengu warriors (D:15)
  Nergalle (D:10)
  A soul eater (Gauntlet)
  2 skeletal warriors (D:15)
  17 naga sharpshooters
  4 salamander mystics
  Amaemon (D:9)
  7 shock serpents
  A glowing orange brain (D:12)
  A spriggan druid (Swamp:1)
  11 mana vipers
  13 naga ritualists
  A phantasmal warrior (D:15)
  A bog body (Lair:2)
  Pikel (D:7)
  2 lindwurms (Lair:5)
  3 deep elf pyromancers
  2 deep elf zephyrmancers (D:9)
  8 ugly things
  6 cyclopes
  11 orc sorcerers
  13 salamanders
  4 manticores
  3 elephants (Lair:1)
  49 black mambas
  5 guardian serpents
  A rust devil (Gauntlet)
  Joseph (D:7)
  11 cane toads
  A kobold blastminer (Orc:1)
  16 naga magi
  An ice statue (IceCv)
  2 gargoyles
  An orange demon (D:9)
  Jeremiah (D:9)
  5 torpor snails (Lair:5)
  3 kobold demonologists
  Maggie (D:9)
  2 freezing wraiths
  11 komodo dragons
  An unseen horror (D:12)
  4 yaktaurs (D:15)
  3 efreet
  12 rime drakes
  A tengu conjurer (D:15)
  7 trolls
  8 hornets
  19 polar bears
  5 tyrant leeches
  A glass eye (D:12)
  Prince Ribbit (D:5)
  Grinder (D:3)
  25 blink frogs
  6 dream sheep (Lair:5)
  A ynoxinul (Gauntlet)
  4 slime creatures (D:14)
  A shadow (D:13)
  3 wyverns
  2 spriggans (Swamp:1)
  A vampire (D:9)
  14 wargs
  2 wraiths
  3 basilisks
  81 yaks
  A basilisk (shapeshifter) (D:15)
  Grum (D:8)
  2 steam dragons
  10 vampire mosquitoes
  Menkaure (D:5)
  4 swamp worms
  2 acid dragons
  75 nagas
  17 hell hounds (Lair:5)
  Duvessa (D:5)
  14 water moccasins
  A swamp drake (D:9)
  14 black bears
  A sky beast (D:7)
  14 orc warriors
  2 ice beasts (D:7)
  4 laughing skulls
  13 ogres
  A boggart (D:12)
  37 wolves
  7 centaurs
  A phantom (D:5)
  2 lemures (D:7)
  2 kobold brigands
  12 bullfrogs
  2 gnoll sergeants
  6 scorpions
  13 wights
  Dowan (D:5)
  9 killer bees
  8 electric eels
  3 howler monkeys
  A crimson imp (D:9)
  3 bombardier beetles
  5 iron imps
  A jelly (D:7)
  A hound (D:6)
  13 orc priests
  Crazy Yiuf (D:7)
  2 gnoll boudas
  5 iguanas
  38 orc wizards
  A sleepcap (D:8)
  14 hell rats
  13 gnolls
  5 adders
  4 shadow imps
  2 white imps
  2 dart slugs
  2 ribbon worms
  102 orcs
  7 ball pythons
  6 endoplasms
  7 giant cockroaches
  4 goblins
  10 hobgoblins
  11 jackals
  5 quokkas
  17 bats
  2 frilled lizards
  15 kobolds
  5 rats
1112 creatures vanquished.

Vanquished Creatures (others)
  A manticore (D:15)
  3 small abominations (D:12)
  An orc wizard (Orc:2)
  An orc (D:9)
  A foxfire (Swamp:1)
7 creatures vanquished.

Grand Total: 1119 creatures vanquished

Notes
Turn   | Place    | Note
-------+----------+-------------------------------------------
     0 | D:1      | vnsknbfn the Minotaur Fighter began the quest for the Orb.
     0 | D:1      | Reached XP level 1. HP: 19/19 MP: 0/0
    46 | D:1      | Reached XP level 2. HP: 24/27 MP: 1/1
   350 | D:1      | Reached skill level 1 in Dodging
   808 | D:2      | Reached XP level 3. HP: 33/33 MP: 2/2
  1665 | D:3      | Reached XP level 4. HP: 41/41 MP: 3/3
  2308 | D:3      | Noticed Grinder
  2318 | D:3      | Killed Grinder
  2319 | D:3      | Reached XP level 5. HP: 15/47 MP: 4/4
  2319 | D:3      | Reached XP level 6. HP: 18/55 MP: 5/5
  2773 | D:4      | Reached skill level 5 in Shields
  2774 | D:4      | Found Gider's Jewellery Emporium.
  2778 | D:4      | Reached skill level 5 in Fighting
  2778 | D:4      | Reached skill level 5 in Armour
  2781 | D:4      | Found Xuoneh's Book Shoppe.
  2841 | D:4      | Found a staircase to the Ecumenical Temple.
  2869 | Temple   | Entered the Ecumenical Temple
  2900 | Temple   | Became a worshipper of Warmaster Okawaru
  3008 | D:4      | Found Tesaz's Book Shop.
  3107 | D:4      | Found Plog's General Store.
  3114 | D:4      | Bought a potion of curing for 33 gold pieces
  3114 | D:4      | Bought a scroll of teleportation for 33 gold pieces
  3321 | D:4      | Reached XP level 7. HP: 37/61 MP: 6/6
  3442 | D:4      | Reached * piety under Okawaru
  3760 | D:4      | Found Jaowopp's Magic Scroll Boutique.
  3763 | D:4      | Bought a scroll of fear for 56 gold pieces
  3763 | D:4      | Bought a scroll of identify for 28 gold pieces
  3763 | D:4      | Bought 2 scrolls of teleportation for 84 gold pieces
  3763 | D:4      | Bought a scroll of identify for 28 gold pieces
  3805 | D:5      | Entered Level 5 of the Dungeon
  3836 | D:5      | Noticed Duvessa
  3840 | D:5      | Noticed Dowan
  3846 | D:5      | Killed Duvessa
  3847 | D:5      | Reached skill level 5 in Axes
  3849 | D:5      | Killed Dowan
  3881 | D:5      | Noticed Menkaure
  3884 | D:5      | Killed Menkaure
  3885 | D:5      | Reached XP level 8. HP: 70/70 MP: 7/7
  3984 | D:5      | Noticed Prince Ribbit
  3988 | D:5      | Reached ** piety under Okawaru
  4000 | D:5      | Killed Prince Ribbit
  4475 | D:5      | Reached skill level 5 in Dodging
  5405 | D:6      | Reached XP level 9. HP: 79/79 MP: 8/8
  6579 | D:7      | Noticed Pikel
  6611 | D:7      | Killed Pikel
  6611 | D:7      | Reached *** piety under Okawaru
  6880 | D:7      | Found a stormy altar of Qazlal.
  7047 | D:7      | Found Ketakko's Jewellery Boutique.
  7347 | D:7      | Noticed Joseph
  7366 | D:7      | Killed Joseph
  7366 | D:7      | Reached **** piety under Okawaru
  7464 | D:7      | Found a runed translucent door.
  7465 | D:7      | Noticed Crazy Yiuf
  7471 | D:7      | Killed Crazy Yiuf
  7738 | D:8      | Reached XP level 10. HP: 38/89 MP: 9/9
  8128 | D:8      | Noticed Grum
  8138 | D:8      | Killed Grum
  8617 | D:9      | Reached ***** piety under Okawaru
  8632 | D:9      | Received a gift from Okawaru
  8794 | D:9      | Found Wodeam's Demolitions Depot.
  8873 | D:9      | Noticed Maggie
  8886 | D:9      | Killed Maggie
  8935 | D:9      | Noticed an orange demon
  8944 | D:9      | Noticed Amaemon
  8955 | D:9      | Killed an orange demon
  8965 | D:9      | Killed Amaemon
  9245 | D:9      | Noticed Jeremiah
  9284 | D:9      | Killed Jeremiah
  9491 | D:9      | Reached XP level 11. HP: 73/87 MP: 10/10
  9791 | D:9      | Reached skill level 10 in Shields
  9830 | D:9      | Reached skill level 10 in Fighting
  9831 | D:9      | Noticed a deep elf zephyrmancer
  9835 | D:9      | Killed a deep elf zephyrmancer
  9836 | D:9      | Reached skill level 10 in Armour
  9837 | D:9      | Noticed a deep elf zephyrmancer
  9843 | D:9      | Killed a deep elf zephyrmancer
 10099 | D:10     | Entered Level 10 of the Dungeon
 10202 | D:10     | Found a snail-covered altar of Cheibriados.
 10212 | D:10     | Identified a scroll of acquirement
 10212 | D:10     | Acquired the +7 broad axe "Hydrabane" {flame, rC++}
 10280 | D:10     | Noticed Nergalle
 10498 | D:10     | Killed Nergalle
 10498 | D:10     | Received a gift from Okawaru
 10499 | D:10     | Reached skill level 10 in Axes
 10678 | D:10     | Found a staircase to the Lair.
 10824 | D:10     | Found a staircase to the Orcish Mines.
 10877 | D:10     | Noticed Harold
 10889 | D:10     | Killed Harold
 11196 | D:11     | Reached ****** piety under Okawaru
 11197 | D:11     | Acquired a +1 heavy executioner's axe
 11197 | D:11     | Received a gift from Okawaru
 11206 | D:11     | Acquired the +5 kite shield "Afotypunt" {rF+ MP+9 Stlth-}
 11206 | D:11     | Received a gift from Okawaru
 11669 | D:11     | Received a gift from Okawaru
 12124 | D:12     | Reached XP level 12. HP: 108/110 MP: 11/11
 12243 | D:12     | Noticed a demonic crawler
 12243 | D:12     | Noticed a demonic crawler
 12259 | D:12     | Killed a demonic crawler
 12265 | D:12     | Killed a demonic crawler
 12463 | D:12     | Reached skill level 10 in Dodging
 12476 | D:12     | Noticed a demonic crawler
 12487 | D:12     | Killed a demonic crawler
 12487 | D:12     | Received a gift from Okawaru
 12974 | D:12     | Noticed a demonic crawler
 13108 | D:12     | Got the Spellbook of Breezy Last Rites
 13595 | D:13     | Noticed a two-headed ogre
 13601 | D:13     | Killed a two-headed ogre
 13637 | D:13     | Noticed a centaur warrior
 13649 | D:13     | Killed a centaur warrior
 13649 | D:13     | Received a gift from Okawaru
 13837 | D:13     | Noticed a two-headed ogre
 13842 | D:13     | Killed a two-headed ogre
 13952 | D:13     | Found a gate to the Vaults.
 13953 | D:13     | Noticed a yaktaur captain
 13980 | D:13     | Killed a yaktaur captain
 14254 | D:13     | Reached XP level 13. HP: 112/119 MP: 12/12
 14304 | D:13     | Identified the +8 arbalest "Peitajit" {freeze, Int+6 Dex+3}
 14607 | D:14     | Received a gift from Okawaru
 14888 | D:14     | Found Zuijop's Antique Weapon Boutique.
 15034 | D:14     | Noticed Frances
 15051 | D:14     | Killed Frances
 15051 | D:14     | Received a gift from Okawaru
 15547 | D:4      | Bought the ring of the Magpie {rElec rC+ AC+4 Str+3} for
                  | 886 gold pieces
 15639 | Lair:1   | Entered Level 1 of the Lair of Beasts
 15895 | Lair:1   | Received a gift from Okawaru
 16300 | Lair:2   | Found a transporter.
 16321 | Lair:2   | Found a transporter.
 16322 | Lair:2   | Found a transporter.
 16459 | Lair:2   | Reached XP level 14. HP: 96/130 MP: 13/13
 16465 | Lair:2   | Received a gift from Okawaru
 16573 | Lair:2   | Found a gate leading to a gauntlet.
 16588 | Gauntlet | Entered a Gauntlet
 16588 | Gauntlet | Found a transporter.
 16588 | Gauntlet | Found a runed translucent door.
 16650 | Gauntlet | Found a runed translucent door.
 16654 | Gauntlet | Found a transporter.
 16656 | Gauntlet | Found a transporter.
 16667 | Gauntlet | Found a transporter.
 16670 | Gauntlet | Found a transporter.
 16682 | Gauntlet | Found a transporter.
 16698 | Gauntlet | Found a transporter.
 16709 | Gauntlet | Found a transporter.
 16721 | Gauntlet | Found a transporter.
 16726 | Gauntlet | Found a transporter.
 16754 | Gauntlet | Found a transporter.
 16754 | Gauntlet | Found a transporter.
 16811 | Gauntlet | Found a transporter.
 16812 | Gauntlet | Found a transporter.
 17036 | Gauntlet | Identified the ring "Hinawed" {Int+3 Dex+4 Slay+4}
 17160 | Lair:2   | Found a transporter.
 17170 | Lair:2   | Found a bloodstained altar of Trog.
 17171 | Lair:2   | Noticed Gargoyl's ghost (journeyman GrBe)
 17326 | Lair:2   | Acquired a +5 heavy broad axe
 17540 | Lair:2   | Found a staircase to the Swamp.
 17829 | Lair:3   | Received a gift from Okawaru
 18011 | Lair:3   | Found a frozen archway.
 18034 | IceCv    | Entered an ice cave
 18295 | IceCv    | Received a gift from Okawaru
 18329 | IceCv    | Noticed a frost giant
 18342 | IceCv    | Killed a frost giant
 18627 | Lair:3   | Found a staircase to the Snake Pit.
 19364 | Lair:4   | Received a gift from Okawaru
 19442 | Lair:4   | Identified the +0 scale mail of Mumblety Peg {rF+ Int+6}
 19479 | Lair:4   | Reached XP level 15. HP: 139/139 MP: 14/14
 19994 | Lair:5   | Entered Level 5 of the Lair of Beasts
 20002 | Lair:5   | Reached skill level 15 in Shields
 20003 | Lair:5   | Reached skill level 15 in Armour
 20005 | Lair:5   | Reached skill level 15 in Fighting
 20106 | Lair:5   | Received a gift from Okawaru
 20289 | Lair:5   | Found a staircase to the Slime Pits.
 20297 | Lair:5   | Reached skill level 15 in Axes
 20814 | Lair:5   | Paralysed by a hornet for 3 turns
 20817 | Lair:5   | Received a gift from Okawaru
 21409 | Lair:5   | Received a gift from Okawaru
 21453 | Lair:5   | Identified the +1 rapier of Destiny {drain, rF+ rC+}
 21480 | Lair:5   | Identified the maw talisman of Beetrami {rF- Str-5 Int+9
                  | Dex+3}
 21820 | Orc:1    | Entered Level 1 of the Orcish Mines
 21847 | Orc:1    | Paralysed by an orc sorcerer for 5 turns
 22008 | Orc:1    | Found a transporter.
 22067 | Orc:1    | Found Pepnorch's Armour Emporium.
 22238 | Orc:1    | Found Orisoacs's Armour Shop.
 22255 | Orc:1    | Found a transporter.
 22322 | Orc:2    | Entered Level 2 of the Orcish Mines
 22376 | Orc:2    | Found a radiant altar of Vehumet.
 22504 | Orc:2    | Found a staircase to the Elven Halls.
 22529 | Orc:2    | Received a gift from Okawaru
 22781 | Orc:2    | Found Rubleace's Book Boutique.
 22837 | Orc:2    | Found a radiant altar of Vehumet.
 22837 | Orc:2    | Noticed Nessos
 22854 | Orc:2    | Found Washaf's Distillery.
 22858 | Orc:2    | Killed Nessos
 22859 | Orc:2    | Reached XP level 16. HP: 97/149 MP: 15/15
 23032 | Orc:2    | Bought a potion of haste for 130 gold pieces
 23032 | Orc:2    | Bought a potion of heal wounds for 65 gold pieces
 23032 | Orc:2    | Bought a potion of haste for 130 gold pieces
 23032 | Orc:2    | Bought a potion of might for 52 gold pieces
 23032 | Orc:2    | Bought a potion of curing for 39 gold pieces
 23057 | Orc:2    | Found a roughly hewn altar of Beogh.
 23057 | Orc:2    | Found Qithrenoch's Antique Weapon Boutique.
 23067 | Orc:2    | Found Ricux Soybb's Antique Weapon Boutique.
 23145 | Orc:2    | Found an ancient bone altar of Kikubaaqudgha.
 23648 | D:15     | Entered Level 15 of the Dungeon
 23898 | D:15     | Received a gift from Okawaru
 23958 | D:15     | Found a sacrificial altar of Ru.
 24094 | D:15     | Noticed Jorgrun
 24099 | D:15     | Killed Jorgrun
 24198 | D:15     | Found a staircase to the Depths.
 24591 | D:7      | Bought the ring "Foiguppy" {Wiz rPois rF+++ Int+2 Stlth-}
                  | for 1264 gold pieces
 24737 | Snake:1  | Entered Level 1 of the Snake Pit
 24842 | Snake:1  | Gained mutation: Your spells are a little harder to cast,
                  | but a little more powerful. [potion of mutation]
 24842 | Snake:1  | Gained mutation: You possess an exceptional clarity of
                  | mind. [potion of mutation]
 24842 | Snake:1  | Gained mutation: You are frail. (-10% HP) [potion of
                  | mutation]
 24843 | Snake:1  | Lost mutation: You are frail. (-10% HP) [potion of
                  | mutation]
 24843 | Snake:1  | Lost mutation: You possess an exceptional clarity of mind.
                  | [potion of mutation]
 24843 | Snake:1  | Lost mutation: Your spells are a little harder to cast, but
                  | a little more powerful. [potion of mutation]
 24843 | Snake:1  | Gained mutation: Your system is resistant to poisons.
                  | (rPois) [potion of mutation]
 24843 | Snake:1  | Gained mutation: You are partially covered in iridescent
                  | scales. (AC +2) [potion of mutation]
 25005 | Snake:1  | Found Uroihic's Assorted Antiques.
 25005 | Snake:1  | Found Xumuod's Book Shoppe.
 25016 | Snake:1  | Bought a scroll of teleportation for 99 gold pieces
 25185 | Snake:1  | Received a gift from Okawaru
 25443 | Snake:1  | Noticed Roxanne
 25460 | Snake:1  | Killed Roxanne
 26002 | Snake:2  | Reached skill level 15 in Dodging
 26002 | Snake:2  | Acquired the amulet of the Eagle {Acrobat *Corrode rF+++
                  | Int+3}
 26216 | Snake:2  | Received a gift from Okawaru
 26986 | Snake:2  | Received a gift from Okawaru
 27333 | Snake:2  | Reached XP level 17. HP: 161/161 MP: 16/16
 27591 | Snake:3  | Received a gift from Okawaru
 28304 | Snake:3  | Received a gift from Okawaru
 28693 | Snake:4  | Entered Level 4 of the Snake Pit
 28942 | Snake:4  | Identified the serpent talisman of Ceikiq {rElec rC- Str+3
                  | Stlth+}
 28942 | Snake:4  | Noticed Aizul
 28969 | Snake:4  | Killed Aizul
 29111 | Snake:4  | Received a gift from Okawaru
 30356 | Snake:4  | Identified the +8 hand axe "Zoethid" {distort, *Slow rElec
                  | rCorr Dex+3}
 30526 | Snake:4  | Received a gift from Okawaru
 30546 | Snake:4  | Reached XP level 18. HP: 79/172 MP: 17/17
 30972 | Snake:4  | Got a serpentine rune of Zot
 31224 | Swamp:1  | Entered Level 1 of the Swamp
 31225 | Swamp:1  | Upgraded the game from 0.32-a0-470-g255bbe2f98 to
                  | 0.32-a0-481-g9ce6b883f8
 31301 | Swamp:1  | HP: 3/172 [goliath frog (15)]
 31301 | Swamp:1  | Splashed by a goliath frog's acid

Illustrated notes

Levels and vault maps discovered:
D:1:      nzn_arrival_crosshair, layout_basic, serial_forest,
          infiniplex_forest_side_room, infiniplex_forest_zigzag_2,
          infiniplex_forest_lined_4_way, infiniplex_forest_clump_C,
          infiniplex_forest_clump_double, infiniplex_forest_straight_1,
          infiniplex_forest_clump_double, minmay_misc_feat_hallway
D:2:      layout_basic
D:3:      layout_loops_corners, moated_statue, uniq_grinder
D:4:      minmay_polygon_palace, layout_cave_pools,
          minmay_temple_entry_mini_moons, serial_shops, nicolae_shop_rolled_up,
          shop, shop, nicolae_shop_statue_plus, shop, serial_co_window_serial,
          co_window_paths_b, co_window_corner_a, co_window_paths_b,
          co_window_paths_a, co_window_paths_b, co_window_broadway_b,
          co_window_broadway_a, co_window_of_opportunity_b, co_window_corner_ca,
          co_window_corner_b
D:5:      layout_cave_pods, roderic_batcave, kennysheep_generic_room_13,
          uniq_menkaure, uniq_prince_ribbit1, uniq_duvessa
D:6:      layout_layer_cave, nicolae_water_bricks
D:7:      layout_basic, nicolae_qazlal_beasts_of_the_sky, serial_shops,
          nicolae_square_shop, sigmund_army, uniq_pikel,
          uniq_crazy_yiuf_cottage, uniq_joseph
D:8:      layout_loops_ring, uniq_grum
D:9:      layout_basic, nicolae_blasting_shop, hangedman_minor_magic,
          uniq_maggie, uniq_amaemon, uniq_jeremiah
D:10:     layout_rooms, slow_altar_2, grunt_lair_entry_orc_guard_hut,
          hiddenorc2_lemuel, serial_glass, glass_columns_c, glass_columns_c,
          special_room [special_room_orc], uniq_nergalle, uniq_harold
D:11:     layout_stronghold, serial_column_ruins, column_ruins_square_small,
          column_ruins_grid_4, column_ruins_grid_1, column_ruins_columns_corner,
          column_ruins_grid_2
D:12:     cheibrodos_hippocracy, layout_basic
D:13:     layout_roguey, hellmonk_vaults_attempted_burglary
D:14:     layout_roguey, serial_shops, nicolae_shop_advertising_works
          [nicolae_subvault_shop_adworks], uniq_frances
D:15:     grunt_enter_depths_snipers, layout_basic,
          nicolae_ru_sacrificial_ziggurat, uniq_jorgrun
Temple:   mainiacjoe_temple_big_plus
Lair:1:   layout_hall_layers
Lair:2:   gammafunk_boulding_lane, layout_gridlike,
          nicolae_swamp_entry_splash_gauntlet, serial_bayou,
          serial_bayou_pond_a, serial_bayou_pond_b, serial_bayou_pond_a,
          serial_bayou_pond_c, serial_bayou_pond_b, gauntlet_entry_generic,
          gammafunk_ghost_wrathful_warriors, serial_bayou_shore_a
Lair:3:   layout_cave_pods, minmay_snake_entry_guardpost_medium,
          portal_ice_cave_entry_pillars_2, minmay_stone_trees_small
Lair:4:   layout_regular_city
Lair:5:   hangedman_lair_caniforms_friends, layout_regular_city, wormcave,
          slime_entry_1, patterned_corridor, grunt_megastairs_5
Swamp:1:  layout_basic_swamp, serial_swamp_ruin, evilmike_swamp_ruin_house_1,
          hangedman_swamp_ruin_hall, evilmike_swamp_ruin_house_3,
          infiniplex_staircase_pool
Snake:1:  layout_concentric_octagons, grunt_megastairs_2, minmay_shoptagon,
          uniq_roxanne
Snake:2:  layout_concentric_octagons
Snake:3:  layout_misc_corridors, nicolae_snake_slithery_hallway
Snake:4:  snake_pit, layout_chambers, uniq_aizul
Orc:1:    layout_caves, serial_shops, nicolae_shop_tiny_real_fake_doors,
          nicolae_shop_drivethru, statue_in_the_mist_lemuel, mines5_lemuel
Orc:2:    kennysheep_orc_mage_school, layout_caves, basic_altar,
          nicolae_orc_crystal_seam, uniq_nessos

Skill      XL: |  1  2  3  4  5  6  7  8  9 10 11 12 13 14 15 16 17 18 |
---------------+-------------------------------------------------------+-----
Dodging        | 1 2 3 4 5 6 8 9 10 12 13 14 15 16 | 16.4
Fighting       | 4 5 6 7 8 9 11 12 13 14 16 17 18 | 18.3
Shields        | 4 5 6 7 8 9 11 12 13 14 16 17 18 | 18.2
Armour         | 4 5 6 7 8 9 11 12 13 14 16 17 18 | 18.3
Axes           | 3 4 5 6 8 9 10 12 13 14 15 16 17 18 | 18.0

Action                     |  1- 3 |  4- 6 |  7- 9 | 10-12 | 13-15 | 16-18 || total
---------------------------+-------+-------+-------+-------+-------+-------++-------
  Melee: War axe           |    70 |    84 |   264 |   422 |       |       ||   840
         Headbutt          |     9 |    15 |    52 |   142 |   195 |   180 ||   593
         Broad axe         |       |       |       |   202 |   897 |   730 ||  1829
 Invoke: Receive Weapon    |       |       |       |     1 |       |       ||     1
         Receive Armour    |       |       |       |     1 |       |       ||     1
         Heroism           |       |       |       |     1 |       |     5 ||     6
  Evoke: Wand              |       |       |    19 |     7 |       |     3 ||    29
         Lightning rod     |       |       |       |       |     2 |     1 ||     3
    Use: Scroll            |     7 |     6 |     5 |     8 |     9 |     7 ||    42
         Potion            |       |     1 |       |     4 |     2 |     9 ||    16
 Armour: Scale mail        |    53 |    13 |       |       |       |       ||    66
         Plate armour      |       |    48 |   240 |   445 |   406 |   296 ||  1435
         Skin              |       |       |       |    38 |       |       ||    38
  Dodge: Dodged            |    39 |    27 |   116 |   261 |   279 |   250 ||   972
  Block: Buckler           |    13 |    25 |   102 |   113 |       |       ||   253
         Kite shield       |       |       |       |   224 |   794 |   650 ||  1668

Table legend: (Time is in decaauts)
 A = Elapsed time spent in this place.
 B = Non-inter-level travel time spent in this place.
 C = Inter-level travel time spent in this place.
 D = Time resting spent in this place.
 E = Time spent auto-exploring this place.
 F = Levels seen in this place.
 G = Mean time per level.
                   A        B        C        D        E       F      G
               +--------+--------+--------+--------+--------+-----+--------+
         Total |  31346 |  29363 |   1983 |   1175 |  22355 |  30 | 1044.9 |
       Dungeon |  16903 |  15848 |   1055 |    719 |  12208 |  15 | 1126.9 |
        Temple |     61 |      1 |     60 |      0 |      0 |   1 |   61.0 |
          Lair |   5396 |   4855 |    541 |     62 |   3526 |   5 | 1079.2 |
         Swamp |     74 |     74 |      0 |      0 |     39 |   1 |   74.0 |
     Snake Pit |   6320 |   6077 |    243 |    243 |   4954 |   4 | 1580.0 |
  Orcish Mines |   1547 |   1464 |     83 |    136 |   1027 |   2 |  773.5 |
      Ice Cave |    554 |    554 |      0 |      0 |    289 |   1 |  554.0 |
      Gauntlet |    488 |    488 |      0 |     15 |    311 |   1 |  488.0 |
               +--------+--------+--------+--------+--------+-----+--------+

Top non-repeatable levels by time:
 Snake:4: 2162 daAuts
     D:6: 1735 daAuts
  Lair:5: 1683 daAuts
     D:9: 1639 daAuts
 Snake:2: 1621 daAuts
    D:12: 1511 daAuts
 Snake:3: 1339 daAuts
    D:10: 1229 daAuts
 Snake:1: 1197 daAuts
  Lair:2: 1191 daAuts
     D:7: 1173 daAuts
     D:4: 1154 daAuts
     D:5: 1117 daAuts
     D:3: 1047 daAuts
   Orc:2: 1039 daAuts
